 Dungeon Crawl Stone Soup version 0.21-a0-519-gb765982 (webtiles) character file.

31629 slep the Severer (level 13, -11/119 HPs)
             Began as a Minotaur Monk on Dec 4, 2017.
             Was the Champion of Okawaru.
             Mangled by a very large slime creature (29 damage)
             ... on level 14 of the Dungeon.
             The game lasted 01:36:33 (15132 turns).

slep the Severer (Minotaur Monk)                   Turns: 15132, Time: 01:36:33

Health: -11/119    AC: 21    Str: 23    XL:     13   Next: 27%
Magic:  10/10      EV: 13    Int:  7    God:    Okawaru [******]
Gold:   785        SH:  5    Dex: 14    Spells: 10/12 levels left

rFire    . . .     SeeInvis .   a - +2 war axe (chop)
rCold    + . .     Gourm    +   d - +0 buckler {AC+3}
rNeg     + . .     Faith    .   O - +2 chain mail {rC+}
rPois    .         Spirit   .   (helmet unavailable)
rElec    .         Reflect  .   (no cloak)
rCorr    .         Harm     .   S - +2 pair of gloves {Str+3}
MR       +....                  x - +0 pair of boots
Stlth    ..........             N - amulet of the gourmand
HPRegen  0.29/turn              J - ring of protection from magic
MPRegen  0.12/turn              u - ring of positive energy

@: drained
A: retaliatory headbutt, horns 3, low mp 1, screaming 1, sturdy frame 1
a: Heroism, Finesse, Renounce Religion


You were on level 14 of the Dungeon.
You worshipped Okawaru.
Okawaru was exalted by your worship.
You were very full.

You visited 1 branch of the dungeon, and saw 14 of its levels.
You also visited: Labyrinth and Ossuary.

You collected 807 gold pieces.
You spent 22 gold pieces at shops.

Inventory:

Hand Weapons
 a - a +2 war axe of chopping (weapon)
 F - a +0 blowgun
 V - the +4 battleaxe of the Unspeakable One {vamp, MP+9 Str+3}
   (Okawaru gifted it to you on level 8 of the Dungeon)

   It inflicts no extra harm, but heals its wielder when it wounds a living foe.
   It affects your strength (+3).
   It affects your magic capacity (+9).
Missiles
 b - 2 curare-tipped needles
 r - 62 poisoned needles
 R - 3 javelins (quivered)
Armour
 d - a +0 buckler of protection (worn)
 x - a +0 pair of boots (worn)
 O - a +2 chain mail of cold resistance (worn)
 S - a +2 pair of gloves of strength (worn)
 X - the +5 plate armour of Werry {rCorr}
   (You took it off a minotaur in a labyrinth)

   It protects you from acid and corrosion.
Jewellery
 l - an uncursed amulet of regeneration
 u - a ring of positive energy (right hand)
 J - a ring of protection from magic (left hand)
 L - an uncursed ring of resist corrosion
 N - an amulet of the gourmand (around neck)
Wands
 q - a wand of scattershot (14)
 y - a wand of digging (28)
 C - a wand of random effects (27)
 D - a wand of disintegration (12)
 H - a wand of polymorph (27)
 P - a wand of enslavement (14)
 T - a wand of flame (39)
 U - a wand of iceblast (5)
 W - a wand of paralysis (10)
 Z - a wand of clouds (6)
Scrolls
 f - 7 scrolls of identify
 g - 7 scrolls of remove curse
 n - 3 scrolls of blinking {unknown}
 o - 9 scrolls of teleportation {unknown}
 p - 4 scrolls of fear {unknown}
 t - 2 scrolls of enchant weapon {unknown}
 G - 2 scrolls of enchant armour {unknown}
 K - 3 scrolls of amnesia {unknown}
Potions
 e - 6 potions of curing
 h - 5 potions of heal wounds
 i - 3 potions of flight
 m - 5 potions of lignification
 v - 3 potions of cancellation
 A - 3 potions of haste
 E - 4 potions of brilliance {unknown}
 M - a potion of agility
 Q - 2 potions of ambrosia {unknown}
 Y - a potion of resistance {unknown}
Books
 w - a book of Spatial Translocations

   Spells                             Type                      Level
   a - Blink                          Translocation                2
   b - Shroud of Golubria             Charms/Translocation         2
   c - Lesser Beckoning               Translocation                3
   d - Gell's Gravitas                Translocation                3
   e - Teleport Other                 Translocation                3
   f - Passage of Golubria            Translocation                4
 I - the Volume of Twisted Enchantment
   (You found it in a labyrinth)

   Spells                             Type                      Level
   a - Slow                           Hexes                        2
   b - Tukima's Dance                 Hexes                        3
   c - Recall                         Summoning/Translocation      3
   d - Lesser Beckoning               Translocation                3
   e - Fulminant Prism                Conjuration/Hexes            4
   f - Force Lance                    Conjuration/Translocation    4
Miscellaneous
 j - a phantom mirror
 B - a fan of gales
Comestibles
 c - 9 bread rations
 k - 23 fruits
 s - 13 meat rations
 z - 10 royal jellies


   Skills:
 + Level 12.9(11.5) Fighting
 + Level 17.0(15.5) Axes
 + Level 0.5(0.0) Throwing
 + Level 12.0(10.7) Armour
 + Level 8.5(7.3) Dodging
 + Level 2.5(1.5) Stealth
 + Level 6.5(5.3) Shields


You had 10 spell levels left.
You knew the following spells:

 Your Spells              Type           Power        Failure   Level  Hunger
a - Blink                 Tloc           N/A          94%         2    ###....


Dungeon Overview and Level Annotations

Branches:
Dungeon (14/15)            Temple (0/1) D:7            Lair (0/6) D:8
    Orc (0/2) D:9
 Vaults: D:13-14

Altars:
Fedhas
Gozag
Makhleb
Nemelex Xobeh
Okawaru
Sif Muna
Trog
Uskayaw
Vehumet

Shops:
D:4 %   D:12 =   D:13 }


Innate Abilities, Weirdness & Mutations

You reflexively headbutt those who attack you in melee.
You have a pair of large horns on your head.
Your magical capacity is low. (-10% MP)
You occasionally shout uncontrollably at your foes.
Your movements are slightly less encumbered by armour. (ER -2)


Message History

You headbutt the very large slime creature, but do no damage.
The very large slime creature is heavily wounded.
The very large slime creature hits you!
You hit the very large slime creature.
The very large slime creature is heavily wounded.
The very large slime creature barely misses you.
You hit the very large slime creature.
The very large slime creature is heavily wounded.
The very large slime creature hits you!!!
You slice the very large slime creature!!
The very large slime creature is severely wounded.
The very large slime creature hits you!!
* * * LOW HITPOINT WARNING * * *
You hit the very large slime creature.
You headbutt the very large slime creature, but do no damage.
The very large slime creature is severely wounded.
You hit the very large slime creature.
The very large slime creature is severely wounded.
The very large slime creature hits you!!
You die...

#..####
#.......#######..#...
#...............(..#.
.......######.......
#.....# ##...###
..... #..## ...
#..#### #J# #......
#@# ##+#### #.#
##...## #.###
##.....## #.#.##
##.......#
#....####......)..
#.......'.........
####...####......(..
#......# ##.......#
##....#.# ##.....##


You could see a very large slime creature.

Vanquished Creatures
  A minotaur (Lab)
  A fire dragon (D:14)
  A hydra (D:14)
  6 two-headed ogres
  A queen ant (D:10)
  A sixfirhy (D:12)
  4 skeletal warriors
  An unseen horror (D:10)
  A necromancer (D:14)
  A deep elf archer (D:8)
  An ugly thing (D:12)
  2 cyclopes (D:11)
  A manticore (D:13)
  Joseph (D:7)
  A gargoyle (Lab)
  3 kobold demonologists (D:13)
  2 centaur skeletons
  6 trolls
  A merfolk (D:11)
  2 hornets
  7 slime creatures
  A minotaur skeleton (Lab)
  5 hippogriffs
  3 shadows
  Eustachio (D:6)
  10 yaks
  2 wraiths (Ossuary)
  5 hungry ghosts
  7 vampire mosquitoes
  Menkaure (D:4)
  4 water moccasins
  7 soldier ants (D:10)
  3 orc warriors
  3 black bears
  2 ice beasts
  A porcupine (D:8)
  A necrophage (D:10)
  8 phantoms
  4 sky beasts
  7 ogres
  9 centaurs
  A crocodile (D:12)
  7 bullfrogs
  2 elf skeletons (D:4)
  A gnoll sergeant (D:8)
  A water moccasin zombie (D:10)
  A wyvern skeleton (D:14)
  8 scorpions
  2 troll zombies (D:9)
  10 killer bees
  An electric eel (D:11)
  2 howler monkeys
  6 wights
  4 crimson imps
  A human zombie (D:4)
  A quasit (D:4)
  3 bullfrog zombies
  An orc priest (D:4)
  3 centaur zombies
  4 jellies
  5 bullfrog skeletons
  4 hounds
  32 worker ants
  An iguana (D:8)
  16 orc wizards
  2 human skeletons (D:4)
  3 ogre zombies (D:9)
  A hound zombie (D:6)
  A worker ant zombie (D:5)
  2 howler monkey skeletons
  11 adders
  3 shadow imps
  2 adder zombies (Ossuary)
  An adder skeleton (D:8)
  3 worms
  A dart slug (D:2)
  8 leopard geckos
  40 orcs
  4 ball pythons
  6 bats
  11 giant cockroaches
  6 goblins
  6 hobgoblins
  3 jackals
  2 quokkas
  A frilled lizard (D:4)
  2 goblin zombies (D:9)
  3 hobgoblin skeletons
  5 hobgoblin zombies
  13 kobolds
  2 leopard gecko skeletons
  5 orc skeletons
  13 orc zombies
  A quokka zombie (D:5)
  6 rats
413 creatures vanquished.

Vanquished Creatures (others)
  An orc warrior (D:8)
  An orc wizard (D:7)
2 creatures vanquished.

Grand Total: 415 creatures vanquished

Notes
Turn   | Place    | Note
-------+----------+-------------------------------------------
     0 | D:1      | slep the Minotaur Monk began the quest for the Orb.
     0 | D:1      | Reached XP level 1. HP: 19/19 MP: 0/0
   217 | D:1      | Reached skill level 4 in Axes
   217 | D:1      | Reached XP level 2. HP: 23/27 MP: 1/1
   894 | D:2      | Found a hide-covered altar of Uskayaw.
  1031 | D:2      | Reached XP level 3. HP: 33/33 MP: 2/2
  1369 | D:3      | Reached skill level 1 in Armour
  1369 | D:3      | Reached XP level 4. HP: 33/41 MP: 3/3
  1383 | D:3      | Found a burning altar of Makhleb.
  1388 | D:3      | Reached skill level 5 in Axes
  1541 | D:3      | Reached XP level 5. HP: 46/47 MP: 4/4
  1909 | D:4      | Noticed Menkaure
  1918 | D:4      | Killed Menkaure
  1918 | D:4      | Reached skill level 5 in Fighting
  1918 | D:4      | Reached skill level 6 in Axes
  1918 | D:4      | Reached XP level 6. HP: 10/56 MP: 5/5
  1981 | D:4      | Found an iron altar of Okawaru.
  1986 | D:4      | Became a worshipper of Warmaster Okawaru
  1986 | D:4      | Reached * piety under Okawaru
  1986 | D:4      | Reached ** piety under Okawaru
  2095 | D:4      | Found a sand-covered staircase.
  2116 | Ossuary  | Entered an ossuary
  2216 | Ossuary  | Noticed a wraith
  2216 | Ossuary  | Noticed a flying skull
  2222 | Ossuary  | Noticed a flying skull
  2226 | Ossuary  | Noticed a flying skull
  2227 | Ossuary  | Noticed a flying skull
  2247 | Ossuary  | Noticed a flying skull
  2256 | Ossuary  | Reached XP level 7. HP: 61/61 MP: 6/6
  2269 | Ossuary  | Noticed a wraith
  2278 | Ossuary  | Killed a wraith
  2278 | Ossuary  | Reached skill level 7 in Axes
  2292 | Ossuary  | Noticed a wraith
  2298 | Ossuary  | Killed a wraith
  2298 | Ossuary  | Reached *** piety under Okawaru
  2390 | D:4      | Reached skill level 8 in Axes
  2423 | D:4      | Reached skill level 5 in Armour
  2441 | D:4      | Reached XP level 8. HP: 67/70 MP: 7/7
  2613 | D:4      | Found Sumn's Food Emporium.
  2626 | D:4      | Found a bloodstained altar of Trog.
  3087 | D:5      | Entered Level 5 of the Dungeon
  3313 | D:5      | Found a blossoming altar of Fedhas.
  3883 | D:6      | Reached skill level 9 in Axes
  3956 | D:6      | Noticed Eustachio
  3972 | D:6      | Killed Eustachio
  3972 | D:6      | Reached **** piety under Okawaru
  3972 | D:6      | Reached skill level 5 in Dodging
  3972 | D:6      | Reached skill level 1 in Shields
  4228 | D:6      | Found a radiant altar of Vehumet.
  4278 | D:7      | Noticed Joseph
  4321 | D:7      | Killed Joseph
  4321 | D:7      | Reached skill level 10 in Axes
  4321 | D:7      | Reached XP level 9. HP: 57/79 MP: 8/8
  4402 | D:7      | Found a deep blue altar of Sif Muna.
  4699 | D:7      | Found a staircase to the Ecumenical Temple.
  4912 | D:7      | Reached ***** piety under Okawaru
  4959 | D:7      | Found an opulent altar of Gozag.
  5133 | D:7      | Reached skill level 11 in Axes
  5322 | D:8      | Reached XP level 10. HP: 70/90 MP: 9/9
  5365 | D:8      | Noticed a deep elf archer
  5516 | D:8      | Killed a deep elf archer
  5516 | D:8      | Received a gift from Okawaru
  5517 | D:8      | Got a slimy battleaxe {god gift}
  5575 | D:8      | Paralysed by a gnoll sergeant for 6 turns
  5986 | D:8      | Found a staircase to the Lair.
  6328 | D:9      | Reached skill level 12 in Axes
  6328 | D:9      | Reached skill level 5 in Shields
  6401 | D:9      | Found a staircase to the Orcish Mines.
  6486 | D:9      | Reached skill level 10 in Fighting
  6991 | D:9      | Reached XP level 11. HP: 82/99 MP: 10/10
  7200 | D:10     | Entered Level 10 of the Dungeon
  7234 | D:10     | Noticed a two-headed ogre
  7248 | D:10     | Killed a two-headed ogre
  7248 | D:10     | Reached ****** piety under Okawaru
  7349 | D:10     | Noticed a two-headed ogre
  7360 | D:10     | Killed a two-headed ogre
  7360 | D:10     | Reached skill level 13 in Axes
  7425 | D:10     | Noticed a queen ant
  7428 | D:10     | Received a gift from Okawaru
  7450 | D:10     | Killed a queen ant
  7852 | D:10     | Identified the +4 battleaxe of the Unspeakable One {vamp, MP+9 Str+3} (Okawaru gifted it to you on level 8 of the Dungeon)
  8306 | D:10     | Killed an unseen horror
  8501 | D:11     | Noticed a two-headed ogre
  8509 | D:11     | Killed a two-headed ogre
  8509 | D:11     | Reached skill level 14 in Axes
  8639 | D:11     | Reached skill level 10 in Armour
  8693 | D:11     | Noticed a two-headed ogre
  8702 | D:11     | Killed a two-headed ogre
  8702 | D:11     | Reached XP level 12. HP: 78/110 MP: 11/11
  8719 | D:11     | Gained mutation: Scrolls take you a little longer to read. [mutagenic meat]
  8720 | D:11     | Gained mutation: Your movements are slightly less encumbered by armour. (ER -2) [mutagenic meat]
  8721 | D:11     | Gained mutation: You passively map a small area around you. [mutagenic meat]
  8722 | D:11     | Gained mutation: Your body sometimes deteriorates upon taking damage. [mutagenic meat]
  8723 | D:11     | Gained mutation: Scrolls take you longer to read. [mutagenic meat]
  8724 | D:11     | Gained mutation: Your magical capacity is low. (-10% MP) [mutagenic meat]
  9030 | D:11     | Noticed a two-headed ogre
  9034 | D:11     | Killed a two-headed ogre
  9378 | D:12     | Reached skill level 15 in Axes
  9438 | D:12     | Found Caingijots's Jewellery Shoppe.
  9468 | D:12     | Bought a cursed amulet of inaccuracy for 22 gold pieces
  9545 | D:12     | Received a gift from Okawaru
  9562 | D:12     | Got a faintly humming robe {god gift}
  9614 | D:12     | Found a runed door.
  9662 | D:12     | Found a sparkling altar of Nemelex Xobeh.
  9872 | D:12     | Lost mutation: Your body sometimes deteriorates upon taking damage. [potion of mutation]
  9872 | D:12     | Lost mutation: Your magical capacity is low. (-10% MP) [potion of mutation]
  9872 | D:12     | Gained mutation: You are occasionally teleported next to monsters. [potion of mutation]
  9872 | D:12     | Gained mutation: You have sharp toenails. [potion of mutation]
  9872 | D:12     | Lost mutation: Scrolls take you longer to read. [potion of mutation]
  9872 | D:12     | Gained mutation: You possess an exceptional clarity of mind. [potion of mutation]
  9886 | D:12     | Lost mutation: Scrolls take you a little longer to read. [potion of mutation]
  9886 | D:12     | Lost mutation: You are occasionally teleported next to monsters. [potion of mutation]
  9886 | D:12     | Lost mutation: You have sharp toenails. [potion of mutation]
  9886 | D:12     | Lost mutation: You possess an exceptional clarity of mind. [potion of mutation]
  9886 | D:12     | Gained mutation: You are frail. (-10% HP) [potion of mutation]
  9886 | D:12     | Gained mutation: Your magical capacity is low. (-10% MP) [potion of mutation]
  9886 | D:12     | Gained mutation: You have a pair of large horns on your head. [potion of mutation]
  9887 | D:12     | Lost mutation: You have a pair of large horns on your head. [potion of mutation]
  9887 | D:12     | Lost mutation: Your magical capacity is low. (-10% MP) [potion of mutation]
  9887 | D:12     | Lost mutation: You are frail. (-10% HP) [potion of mutation]
  9887 | D:12     | Lost mutation: You passively map a small area around you. [potion of mutation]
  9887 | D:12     | Gained mutation: Potions are less effective at restoring your health. [potion of mutation]
  9887 | D:12     | Gained mutation: Your body sometimes deteriorates upon taking damage. [potion of mutation]
  9887 | D:12     | Gained mutation: You occasionally shout uncontrollably at your foes. [potion of mutation]
  9887 | D:12     | Gained mutation: Your mind is acute. (Int +2) [potion of mutation]
  9888 | D:12     | Lost mutation: Your body sometimes deteriorates upon taking damage. [potion of mutation]
  9888 | D:12     | Lost mutation: Your mind is acute. (Int +2) [potion of mutation]
  9888 | D:12     | Lost mutation: Potions are less effective at restoring your health. [potion of mutation]
  9888 | D:12     | Gained mutation: Your magical capacity is low. (-10% MP) [potion of mutation]
  9888 | D:12     | Gained mutation: You have a pair of large horns on your head. [potion of mutation]
 10394 | D:13     | Reached skill level 16 in Axes
 10564 | D:13     | Found Josouvys's Gadget Shoppe.
 10927 | D:13     | Identified the +1 robe of the Evil One {rElec Dex+5} (Okawaru gifted it to you on level 12 of the Dungeon)
 11236 | D:14     | Noticed a fire dragon
 11243 | D:14     | Killed a fire dragon
 11243 | D:14     | Received a gift from Okawaru
 11243 | D:14     | Reached XP level 13. HP: 111/119 MP: 10/10
 11356 | D:14     | Found a blossoming altar of Fedhas.
 11499 | D:14     | Found a labyrinth entrance.
 11508 | Lab      | Entered a labyrinth
 12888 | Lab      | Noticed a minotaur
 12898 | Lab      | Killed a minotaur
 12900 | Lab      | Got a shimmering crystal amulet
 12903 | Lab      | Got an ancient plate armour
 12907 | Lab      | Identified the amulet "Gitadgh" {Harm *Drain Str+4} (You took it off a minotaur in a labyrinth)
 12913 | Lab      | Learned a level 2 spell: Blink
 12919 | Lab      | Identified the Volume of Twisted Enchantment
 12999 | Lab      | Identified the +5 plate armour of Werry {rCorr} (You took it off a minotaur in a labyrinth)
 14943 | D:14     | Reached skill level 17 in Axes
 15132 | D:14     | Mangled by a very large slime creature

Vault maps used:
D:1:      evilmike_arrival_rings
D:2:      eat_drink_and_be_merry_uskayaw
D:3:      makhleb_heckhound_becter
D:4:      okawaru_metal_pillars_1_2, serial_shops, nicolae_shop_trees,
          nicolae_ossuary_entry_catacombs, serial_bayou_pond_a, bloody_trog,
          uniq_menkaure
D:5:      fedhas_bush_and_centaur_altar, first_bread, serial_bayou_pond_a,
          minmay_holes
D:6:      basic_altar, doesnt_xom_only_xom, uniq_eustachio, uniq_blork_the_orc
D:7:      kennysheep_orc_sif_temple, grunt_gozag_breadcrumbs,
          minmay_temple_entry_hall, uniq_joseph
D:8:      grunt_lair_entry_orc_guard_hut, nzn_random_ring
D:9:      zombieorc1_lemuel
D:10:     zaba_antful_of_joy
D:11:     hangedman_stone_soup
D:12:     cheibrodos_shockbox, serial_shops, shop,
          nemelex_xobeh_ov_fountains_minmay
D:13:     serial_shops, shop
D:14:     david_vaults_1, basic_altar, lab_entry_generic
Lab:      labyrinth_spiral, nicolae_lab_x, nicolae_lab_dead_end,
          labyrinth_skeletal_remains
Ossuary:  ossuary_due_cavern

Skill      XL: |  1  2  3  4  5  6  7  8  9 10 11 12 13 |
---------------+----------------------------------------+-----
Axes           | 4 5 6 8 10 11 12 14 16 17 | 17.0
Fighting       | 4 5 6 7 8 10 11 12 | 12.9
Armour         | 1 2 3 5 6 7 8 10 11 12 | 12.0
Stealth        | 2 |  2.5
Dodging        | 4 5 6 7 8 |  8.5
Shields        | 2 4 5 6 |  6.5
Throwing       | |  0.5

Action                   |  1- 3 |  4- 6 |  7- 9 | 10-12 | 13-15 || total
-------------------------+-------+-------+-------+-------+-------++-------
Melee: Hand axe          |    68 |       |       |       |       ||    68
       Headbutt          |    14 |    16 |    64 |   141 |    33 ||   268
       War axe           |    11 |   133 |   353 |   328 |    98 ||   923
       Battleaxe         |       |       |       |   283 |       ||   283
Throw: Javelin           |       |       |       |     8 |       ||     8
Evoke: Wand              |       |       |       |       |     2 ||     2
  Use: Potion            |       |       |     2 |     7 |       ||     9
       Scroll            |       |       |       |    12 |       ||    12
  Eat: Chunk             |     1 |     3 |    11 |    69 |     9 ||    93
       Fruit             |       |       |       |     1 |     1 ||     2
       Bread ration      |       |       |       |       |     1 ||     1
Armor: Scale mail        |    28 |    47 |   106 |    52 |       ||   233
       Skin              |       |       |    33 |    36 |       ||    69
       Chain mail        |       |       |       |   229 |    65 ||   294
Dodge: Dodged            |    50 |    51 |   157 |   330 |    51 ||   639
Block: Shield            |       |       |   124 |   180 |       ||   304
       Buckler           |       |       |       |       |    18 ||    18

Table legend:
 A = Spawn XP
 B = Non-spawn XP
 C = Spawn XP percentage of total XP
 D = Spawn monster count
 E = Non-spawn monster count
 F = Spawn count percentage of total count
 G = Total turns spent on level
                    A         B        C        D         E        F      G
               +---------+---------+-------+---------+---------+-------+---------
         Total |       0 |   45185 |   0.0 |       0 |     414 |   0.0 | 15132
               +---------+---------+-------+---------+---------+-------+---------
           D:1 |       0 |      23 |   0.0 |       0 |      15 |   0.0 |   602
           D:2 |       0 |      22 |   0.0 |       0 |       7 |   0.0 |   691
           D:3 |       0 |     175 |   0.0 |       0 |      33 |   0.0 |   537
           D:4 |       0 |     890 |   0.0 |       0 |      31 |   0.0 |   996
           D:5 |       0 |     261 |   0.0 |       0 |       9 |   0.0 |   789
           D:6 |       0 |     543 |   0.0 |       0 |      11 |   0.0 |   402
           D:7 |       0 |    2848 |   0.0 |       0 |      35 |   0.0 |  1120
           D:8 |       0 |    2678 |   0.0 |       0 |      28 |   0.0 |   886
           D:9 |       0 |    3236 |   0.0 |       0 |      55 |   0.0 |   916
          D:10 |       0 |    6696 |   0.0 |       0 |      52 |   0.0 |  1284
          D:11 |       0 |    5752 |   0.0 |       0 |      32 |   0.0 |   732
          D:12 |       0 |    5123 |   0.0 |       0 |      36 |   0.0 |  1038
          D:13 |       0 |    7987 |   0.0 |       0 |      31 |   0.0 |   909
          D:14 |       0 |    6228 |   0.0 |       0 |      20 |   0.0 |   612
           Lab |       0 |    2183 |   0.0 |       0 |       5 |   0.0 |  3357
       Ossuary |       0 |     540 |   0.0 |       0 |      14 |   0.0 |   261
               +---------+---------+-------+---------+---------+-------+---------
